 Dungeon Crawl Stone Soup version 0.17.1-3-g152610e (webtiles) character file.

325 Laakeri the Grave Robber (level 6, -6/32 HPs)
             Began as a Deep Elf Necromancer on Apr 26, 2016.
             Mangled by a gnoll
             ... wielding a +0 spear
              (9 damage)
             ... on level 5 of the Dungeon on Apr 27, 2016.
             The game lasted 00:57:28 (5697 turns).

Laakeri the Grave Robber (Deep Elf Necromancer)     Turns: 5697, Time: 00:57:28

Health: -6/32      AC:  3    Str:  5    XL:     6   Next: 24%
Magic:  0/12       EV:  7    Int: 21    God:
Gold:   156        SH:  0    Dex: 16    Spells: 4 memorised, 3 levels left

rFire  . . .     SeeInvis .     j - +0 short sword
rCold  . . .     Clarity  .     a - +1 robe
rNeg   . . .     SustAt   .     (no shield)
rPois  +         Gourm    .     (no helmet)
rElec  .         Spirit   .     (no cloak)
rCorr  .         Warding  .     (no gloves)
rMut   .         Stasis   .     (no boots)
MR     .....                    (no amulet)
Stlth  ++........               (no ring)
                                k - ring of poison resistance

@: held, regenerating, not resistant to hostile enchantments, unstealthy
A: no striking features
a: no special abilities


You were on level 5 of the Dungeon.
You were not hungry.

You visited 1 branch of the dungeon, and saw 5 of its levels.

You collected 156 gold pieces.

Inventory:

Hand Weapons
 j - a +0 short sword (weapon)
Armour
 a - a +1 robe (worn)
 h - a +0 pair of boots
Jewellery
 k - a ring of poison resistance (left hand)
 s - an uncursed ring of sustain attributes {unknown}
Wands
 g - a wand of paralysis (8)
Scrolls
 e - a scroll of identify
 f - a scroll of fear
 n - 2 scrolls of random uselessness
 q - a scroll of remove curse
Potions
 d - a potion of degeneration
 i - 2 potions of lignification
 l - a potion of poison {unknown}
 m - a potion of haste {unknown}
 o - a potion of resistance {unknown}
 r - a potion of brilliance {unknown}
Books
 b - a book of Necromancy

   Spells                             Type                      Level
   a - Pain                           Necromancy                   1
   b - Animate Skeleton               Necromancy                   1
   c - Vampiric Draining              Necromancy                   3
   d - Regeneration                   Charms/Necromancy            3
   e - Animate Dead                   Necromancy                   4
   f - Control Undead                 Necromancy                   4
Comestibles
 c - 4 bread rations
 p - 2 meat rations


   Skills:
 * Level 3.9 Short Blades
 + Level 3.1 Dodging
 - Level 2.7 Stealth
 - Level 3.2 Spellcasting
 - Level 7.1 Necromancy


You had 3 spell levels left.
You knew the following spells:

 Your Spells              Type           Power        Failure   Level  Hunger
a - Pain                  Necr           ####         1%          1    None
b - Animate Skeleton      Necr           N/A          1%          1    None
c - Vampiric Draining     Necr           ####......   2%          3    ###....
d - Regeneration          Chrm/Necr      ###.......   12%         3    ###....


Dungeon Overview and Level Annotations

Branches:
Dungeon (5/15)
 Temple: D:4-7

Altars:
Gozag

Annotations:
D:3 Laakeri's ghost, amateur KoHu
D:5 virusv3i's ghost, novice TrMo


Message History

Aim: a gnoll, wielding a spear (lightly wounded, chance to defeat MR: 89%)
The gnoll convulses in agony!
The gnoll hits you from afar with a spear.
You struggle against the net.
The gnoll hits you from afar with a spear!
* * * LOW HITPOINT WARNING * * *
The gnoll hits you with a spear.
* * * LOW HITPOINT WARNING * * *
Casting: Pain
Confirm with . or Enter, or press ? or * to list all spells.
Aiming: Pain
Press: ? - help, Shift-Dir - straight line, f/p - gnoll
Aim: a gnoll, wielding a spear (severely wounded, chance to defeat MR: 89%)
Okay, then.
Unknown command.
Casting: Pain
Confirm with . or Enter, or press ? or * to list all spells.
Your skin crawls.
The gnoll hits you from afar with a spear!
You die...

.g.. ... ... #.# # #.# #.
#Z######## #.##g.......# .#
#...g######.# ##.#
#....@....#.# #.. .
####.####.#.# #.. . #.# #.#
#.#.# #.# .#.# #.#.#
#.####.#.####.#.#
#.##.......%....#.#
####.##.#.#..........#
######......<..######.#####
#...........[### #.#


You could see 2 gnolls and a hound zombie.

Vanquished Creatures
  A giant frog (D:4)
  4 worker ants
  2 gnolls (D:5)
  6 adders
  2 oozes (D:2)
  4 worms
  A giant gecko (D:3)
  3 orcs (D:4)
  7 hobgoblins
  3 jackals (D:2)
  A quokka (D:2)
  A ball python (D:1)
  2 bats
  3 giant cockroaches
  6 giant newts
  9 goblins
  10 kobolds
  6 rats (D:1)
71 creatures vanquished.

Notes
Turn   | Place    | Note
--------------------------------------------------------------
     0 | D:1      | Laakeri the Deep Elf Necromancer began the quest for the Orb.
     0 | D:1      | Reached XP level 1. HP: 10/10 MP: 6/6
   228 | D:1      | Reached skill level 5 in Necromancy
   411 | D:1      | Reached XP level 2. HP: 15/15 MP: 6/8
   982 | D:1      | Learned a level 1 spell: Animate Skeleton
  1118 | D:2      | Reached XP level 3. HP: 8/19 MP: 1/9
  1420 | D:2      | Reached skill level 6 in Necromancy
  1881 | D:2      | Found an opulent altar of Gozag.
  1957 | D:2      | Reached XP level 4. HP: 18/24 MP: 4/10
  2680 | D:3      | Noticed Laakeri's ghost (amateur KoHu)
  3019 | D:3      | Learned a level 3 spell: Vampiric Draining
  3076 | D:3      | Reached skill level 7 in Necromancy
  3349 | D:3      | Learned a level 3 spell: Regeneration
  4093 | D:4      | Reached skill level 1 in Short Blades
  4093 | D:4      | Reached XP level 5. HP: 12/28 MP: 2/11
  4554 | D:4      | Noticed a giant frog
  4573 | D:4      | Killed a giant frog
  4764 | D:4      | Reached XP level 6. HP: 30/32 MP: 8/12
  5218 | D:5      | Entered Level 5 of the Dungeon
  5246 | D:5      | Noticed virusv3i's ghost (novice TrMo)
  5265 | D:5      | HP: 1/32 [virusv3i's ghost (11)]
  5697 | D:5      | Mangled by a gnoll

Action                   |  1- 3 |  4- 6 || total
-------------------------+-------+-------++-------
Melee: Short sword       |       |    68 ||    68
       Unarmed           |       |     4 ||     4
 Cast: Pain              |    77 |    74 ||   151
       Animate Skeleton  |     2 |     5 ||     7
       Regeneration      |       |     6 ||     6
       Vampiric Draining |       |     2 ||     2
  Use: Scroll            |       |    11 ||    11
       Potion            |       |     2 ||     2
  Eat: Chunk             |     1 |     4 ||     5
       Beef jerky        |     1 |       ||     1
       Bread ration      |       |     1 ||     1
       Meat ration       |       |     1 ||     1
